 Dungeon Crawl Stone Soup version 0.26.0-57-g60708a5e39 (webtiles) character file.

Game seed: 12366932369030368269

97 kaeus the Insei (level 4, -7/29 HPs)
             Began as an Octopode Transmuter on Feb 1, 2021.
             Killed by divine providence
             ... invoked by an orc priest
              (15 damage)
             ... on level 3 of the Dungeon.
             The game lasted 00:02:24 (2298 turns).

kaeus the Insei (Octopode Transmuter)               Turns: 2298, Time: 00:02:24

Health: -7/29      AC:  1    Str:  9    XL:     4   Next: 68%
Magic:  4/7        EV: 13    Int: 15    God:
Gold:   118        SH:  0    Dex: 13    Spells: 4/8 levels left

rFire    . . .     SeeInvis .     - Unarmed
rCold    . . .     Faith    .   (no shield)
rNeg     . . .     Spirit   .   (helmet restricted)
rPois    .         Reflect  .   (no amulet)
rElec    .         Harm     .   (no ring)
rCorr    .         Rampage  .   (no ring)
Will     .....                  (no ring)
Stlth    ++........             (no ring)
HPRegen  0.09/turn              (no ring)
MPRegen  0.10/turn              (no ring)
                                (no ring)
                                (no ring)

@: lethally poisoned (-7 -> -10), very slightly contaminated
A: almost no armour, stealthy swim, amphibious, 8 rings, constrict 8, camouflage
1, gelatinous body 1
a: no special abilities


You were on level 3 of the Dungeon.
You visited 1 branch of the dungeon, and saw 3 of its levels.

You collected 118 gold pieces.

Inventory:

Jewellery
 a - a cursed ring of magical power {unknown}
 h - an uncursed ring of ice {unknown}
Scrolls
 c - 3 scrolls of enchant armour {unknown}
 d - 2 scrolls of remove curse {unknown}
 f - a scroll of amnesia {unknown}
 g - 3 scrolls of blinking {unknown}
 k - a scroll of identify {unknown}
 l - a scroll of magic mapping {unknown}
Potions
 b - a potion of magic {unknown}
 e - 3 potions of curing {unknown}
 i - a potion of attraction {unknown}
 j - a potion of mutation {unknown}
 m - a potion of heal wounds {unknown}


   Skills:
 - Level 2.2 Fighting
 - Level 2.0 Dodging
 - Level 3.6 Unarmed Combat
 + Level 2.5 Spellcasting
 + Level 2.6 Transmutations
 + Level 1.8 Poison Magic


You had 4 spell levels left.
You knew the following spells:

 Your Spells              Type           Power        Failure   Level
a - Spider Form           Tmut/Pois      4%           26%         3
A - Beastly Appendage     Tmut           18%          7%          1

Your spell library contained the following spells:

 Spells                   Type           Power        Failure   Level
 Wereblood                Tmut           9%           11%         2
 Magic Dart               Conj           4%           22%         1
 Blink                    Tloc           N/A          32%         2
 Call Imp                 Summ           1%           32%         2
 Slow                     Hex            1%           32%         2
 Mephitic Cloud           Conj/Pois/Air  3%           45%         3
 Conjure Flame            Conj/Fire      1%           54%         3
 Ice Form                 Ice/Tmut       5%           77%         4
 Blade Hands              Tmut           4%           89%         5


Dungeon Overview and Level Annotations

Branches:
Dungeon (3/15)

Altars:
Uskayaw


Innate Abilities, Weirdness & Mutations

You cannot wear most types of armour.
You are very stealthy in the water. (Stealth+)
You are amphibious.
You can wear up to eight rings at the same time.
You can use your tentacles to constrict eight enemies at once.
Your skin changes colour to match your surroundings (Stealth+).
Your rubbery body absorbs attacks. (AC +1, EV +1)


Message History

You feel sick.
The orc priest invokes the aid of Beogh against you.
Pain shoots through your body!
You take 2 damage, and have 9/29 hp.
You tentacle-slap the orc. Your grab misses the orc.
Your squeeze misses the orc.
The orc is almost dead.
The orc priest barely misses you. The orc misses you.
You tentacle-slap the orc.
You kill the orc!
You feel sick.
The orc priest looks satisfied for a moment.
You take 1 damage, and have 8/29 hp.
You tentacle-slap the orc wizard. Your grab misses the orc wizard.
The orc wizard is moderately wounded.
The orc wizard barely misses you.
The orc priest invokes the aid of Beogh against you.
Beogh smites you!
Ouch! That really hurt!
You die...

. ###..#.## .#
#.#.)....# ..
.#......## ..
....###.#.##.#
#.
###.#..........
#...#.....#..#.
#.....###.#....
....###.# .#
.... ## #..@#
## #.# #oo)..#
.# .........?.
..############


You could see an orc priest and an orc wizard.

Vanquished Creatures
  3 adders
  2 oozes (D:2)
  3 worms (D:2)
  A dart slug (D:1)
  2 leopard geckos
  An orc (D:3)
  2 giant cockroaches
  9 goblins
  3 hobgoblins (D:2)
  3 kobolds
  2 quokkas (D:2)
  A ball python (D:2)
  7 bats
  3 frilled lizards
  3 rats
45 creatures vanquished.

Vanquished Creatures (others)
  42 plants (D:2)
42 creatures vanquished.

Grand Total: 87 creatures vanquished

Notes
Turn   | Place    | Note
-------+----------+-------------------------------------------
     0 | D:1      | kaeus the Octopode Transmuter began the quest for the Orb.
     0 | D:1      | Reached XP level 1. HP: 13/13 MP: 3/3
   330 | D:1      | Reached XP level 2. HP: 18/18 MP: 3/5
   726 | D:2      | Reached XP level 3. HP: 23/24 MP: 6/6
   800 | D:2      | Learned a level 3 spell: Spider Form
  1540 | D:2      | Reached skill level 1 in Poison Magic
  1730 | D:2      | Found a hide-covered altar of Uskayaw.
  1730 | D:2      | Noticed a +0 hand axe
  1730 | D:2      | Noticed a +0 dagger
  1738 | D:2      | Reached XP level 4. HP: 25/29 MP: 5/7
  2298 | D:3      | Killed from afar by an orc priest

Illustrated notes

Levels and vault maps discovered:
D:1:      matt_arrival_refuge, layout_rooms, minmay_surrounded
D:2:      layout_loops_corners, dancing_weapons_uskayaw, serial_bayou,
          serial_bayou_pond_c, serial_bayou_ford_a, serial_bayou_shore_b,
          serial_bayou_pond_b, serial_bayou_lagoon_a
D:3:      layout_loops_ring, kennysheep_ying_yang,
          nicolae_qazlal_style_of_elements,
          chequers_ecumenical_altar_simple_redux, hangedman_decor_points,
          minmay_misc_feat_ornament, nrook_mini_backslash, hex_tiny,
          fedhas_altar_fruit_tree

Skill      XL: |  1  2  3 |
---------------+----------+-----
Fighting       | 2 |  2.2
Poison Magic   | 1 |  1.8
Dodging        | |  2.0
Unarmed Combat | |  3.6
Spellcasting   | |  2.5
Transmutations | |  2.6

Action                   |  1- 3 |  4- 6 || total
-------------------------+-------+-------++-------
Melee: Unarmed           |    89 |    27 ||   116
       Constrict         |    26 |     5 ||    31
       Kick              |     8 |       ||     8
       Tentacles         |    20 |     5 ||    25
       Punch             |     1 |       ||     1
 Cast: Beastly Appendage |    10 |     1 ||    11
 Stab: Sleeping          |     7 |     2 ||     9
Armor: Skin              |    23 |       ||    23
Dodge: Dodged            |    55 |    21 ||    76
